 Dungeon Crawl Stone Soup version 0.17-a0-1954-g0dddeaa (webtiles) character file.

349 Herrn the Skirmisher (level 6, -3/57 HPs)
             Began as a Naga Fighter on Oct 4, 2015.
             Killed from afar by an orc wizard (8 damage)
             ... with a magic dart
             ... on level 5 of the Dungeon.
             The game lasted 00:08:46 (3174 turns).

Herrn the Skirmisher (Naga Fighter)                 Turns: 3174, Time: 00:08:47

Health: -3/57      AC:  8    Str: 22    XL:     6   Next: 60%
Magic:  6/6        EV:  6    Int: 10    God:
Gold:   133        SH:  0    Dex: 11    Spells: 0 memorised, 5 levels left

rFire  + . .     SeeInvis +     a - +0 war axe
rCold  . . .     Clarity  .     b - +0 scale mail
rNeg   . . .     SustAt   .     c - +0 shield
rPois  +         Gourm    .     C - +0 helmet
rElec  .         Spirit   .     (no cloak)
rCorr  .         Warding  .     z - +0 pair of gloves
rMut   .         Stasis   .     (no barding)
MR     .....                    (no amulet)
Stlth  ..........               o - ring of protection from fire
                                n - +4 ring of strength

@: confused, very slow, not resistant to hostile enchantments, extremely
unstealthy
A: see invisible, deformed body, poison resistance, slowness 2, slow metabolism
1, spit poison 2, AC +2
a: Spit Poison


You were on level 5 of the Dungeon.
You were very hungry.

You visited 1 branch of the dungeon, and saw 5 of its levels.

You collected 133 gold pieces.

Inventory:

Hand weapons
 a - a +0 war axe (weapon)
Armour
 b - a +0 scale mail (worn)
 c - a +0 shield (worn)
 z - a +0 pair of gloves (worn)
 C - a +0 helmet (worn)
Jewellery
 n - a +4 ring of strength (left hand)
 o - a ring of protection from fire (right hand)
 v - an uncursed ring of protection from cold {unknown}
Magical devices
 A - a wand of polymorph (10)
Scrolls
 d - a scroll of immolation {unknown}
 f - 2 scrolls of identify {unknown}
 h - 3 scrolls of teleportation {unknown}
 i - 2 scrolls of random uselessness {unknown}
 l - 2 scrolls of remove curse {unknown}
 p - a scroll of amnesia {unknown}
 q - a scroll of magic mapping {unknown}
 r - a scroll of fog {unknown}
 x - a scroll of recharging {unknown}
 y - a scroll of blinking {unknown}
 E - a scroll of fear {unknown}
Potions
 g - a potion of heal wounds {unknown}
 j - a potion of mutation {unknown}
 m - 2 potions of curing {unknown}
 s - 2 potions of haste {unknown}
 t - a potion of poison {unknown}
 u - a potion of lignification {unknown}
 B - 2 potions of ambrosia {unknown}
Comestibles
 e - 2 bread rations
 k - a meat ration
 w - a chunk of flesh
 D - a beef jerky


   Skills:
 + Level 3.9 Fighting
 * Level 3.6 Axes
 + Level 3.4 Armour
 + Level 2.2 Dodging
 + Level 3.3 Shields


You had 5 spell levels left.
You didn't know any spells.

Dungeon Overview and Level Annotations

Branches:
Dungeon (5/15)
 Temple: D:4-7

Altars:
Sif Muna


Innate Abilities, Weirdness & Mutations

You cannot wear boots.
Your serpentine skin is tough (AC +2).
You have supernaturally acute eyesight.
Armour fits poorly on your strangely shaped body.
Your system is resistant to poisons.
You cover ground very slowly.
You have a slow metabolism.
You can spit poison.


Message History

2 orc wizards come into view.
The orc wizard shouts! x2
The orc wizard casts a spell at you.
You are confused.
An orc comes into view. It is wielding a war axe.
There is a stone staircase leading up here.
The orc shouts!
The orc moves out of view.
The orc wizard gestures at you while chanting.
The magic dart hits you!
* * * LOW HITPOINT WARNING * * *
In your confused state, you trip and fall back down the stairs.
* * * LOW HITPOINT WARNING * * *
The orc wizard moves out of view.
Unknown command.
In your confused state, you trip and fall back down the stairs.
* * * LOW HITPOINT WARNING * * *
The orc wizard casts a spell at you. The magic dart hits you!
You die...

# ##..#
#####...W#
#.W§..# #.#####
##.# #@.#
#o..........
...o.>.########
..o#### ..


You could see a phantom, 2 orc wizards and an orc.

Vanquished Creatures
  The ghost of ldierk the Changer, an average MfTm (D:3)
  A scorpion (D:4)
  2 orc wizards (D:3)
  A hound skeleton (D:4)
  Robin (D:4)
  3 gnolls
  3 adders
  An ooze (D:3)
  2 worms
  4 giant geckos
  5 orcs
  5 giant cockroaches
  23 goblins
  7 hobgoblins
  2 quokkas (D:3)
  12 bats
  6 giant newts
  2 jackals (D:2)
  6 kobolds
  10 rats
97 creatures vanquished.

Notes
Turn   | Place    | Note
--------------------------------------------------------------
     0 | D:1      | Herrn the Naga Fighter began the quest for the Orb.
     0 | D:1      | Reached XP level 1. HP: 21/21 MP: 1/1
   127 | D:1      | Reached XP level 2. HP: 18/28 MP: 2/2
   378 | D:1      | Reached XP level 3. HP: 21/34 MP: 3/3
  1650 | D:2      | Reached XP level 4. HP: 42/42 MP: 4/4
  1771 | D:3      | Noticed ldierk's ghost (average MfTm)
  1780 | D:3      | Killed ldierk's ghost
  1780 | D:3      | Reached skill level 1 in Dodging
  1780 | D:3      | Reached XP level 5. HP: 14/49 MP: 5/5
  2459 | D:3      | Found a deep blue altar of Sif Muna.
  2573 | D:3      | Reached XP level 6. HP: 38/56 MP: 6/6
  3026 | D:4      | Noticed Robin
  3066 | D:4      | Killed Robin
  3161 | D:5      | Entered Level 5 of the Dungeon
  3174 | D:5      | Killed from afar by an orc wizard

Vault maps used:
D:1:      dpeg_arrival_oval
D:3:      led_sif_book, first_bread
D:4:      uniq_robin
D:5:      uniq_blork_the_orc

Action                   |  1- 3 |  4- 6 || total
-------------------------+-------+-------++-------
Melee: War axe           |   128 |   147 ||   275
       Unarmed           |       |    11 ||    11
 Abil: Spit Poison       |     7 |    14 ||    21
  Use: Potion            |       |     1 ||     1
  Eat: Chunk             |     2 |     4 ||     6
